 Dungeon Crawl Stone Soup version bcrawl-1.14 (webtiles) character file.

Game seed: 3748531627870220444

2935 MisterOstroum the Covert (level 9, 0/71 HPs)
             Began as a Gnoll Sloth Apostle on Sept 8, 2019.
             Was a Priest of Cheibriados.
             Slain by a two-headed ogre
             ... wielding a +0 giant club
              (23 damage)
             ... on level 7 of the Dungeon.
             The game lasted 00:23:25 (7912 turns).

MisterOstroum the Covert (Gnoll Sloth Apostle)      Turns: 7912, Time: 00:23:26

Health: 0/71       AC: 15    Str: 26    XL:     9   Next: 80%
Magic:  10/17      EV: 10    Int: 23    God:    Cheibriados [***...]
Gold:   569        SH:  0    Dex: 22    Spells: 18/18 levels left

rFire    . . .     SeeInvis .   a - +1 spear
rCold    . . .     Gourm    .   (no shield)
rNeg     . . .     Faith    .   p - +0 plate armour
rPois    .         Spirit   .   x - +0 helmet
rElec    .         Reflect  .   (no cloak)
rCorr    .         Harm     .   (no gloves)
MR       .....                  j - +1 pair of boots
Stlth    ..........             E - amulet of the acrobat
HPRegen  0.21/turn              m - ring of attention
MPRegen  0.15/turn              n - ring of attention

@: very slow
A: distributed training, fangs 1, strong nose
a: Bend Time, Temporal Distortion, Renounce Religion


You were on level 7 of the Dungeon.
You worshipped Cheibriados.
Cheibriados was most pleased with you.
You were not hungry.

You visited 1 branch of the dungeon, and saw 7 of its levels.

You collected 569 gold pieces.

Inventory:

Hand Weapons
 a - a +1 spear (weapon)
 h - a +2 flail of distortion
 H - the +0 spear of Painful Death {antimagic, rElec}
   (You found it on level 6 of the Dungeon)

   It reduces the magical energy of the wielder, and disrupts the spells and
   magical abilities of those hit.
   Natural abilities and divine invocations are not affected.
   It insulates you from electricity.
Missiles
 g - 223 tomahawks (quivered)
 v - 1417 stones
 y - 71 javelins
 A - 55 poisoned tomahawks
 P - a throwing net {!f!f}
Armour
 b - a +0 robe
 c - a +0 shield
 j - a +1 pair of boots (worn)
 p - a +0 plate armour (worn)
 x - a +0 helmet (worn)
 O - a +0 robe of magic resistance
 Q - a +0 large shield
Jewellery
 m - a ring of attention (left hand)
 n - a ring of attention (right hand)
 E - an amulet of the acrobat (around neck)
 G - an uncursed ring of see invisible {unknown}
 N - an uncursed ring of ice {unknown}
Wands
 d - a wand of paralysis (5)
Scrolls
 f - a scroll of magic mapping {@r5 !r}
 r - 3 scrolls of amnesia
 s - a scroll of vulnerability {unknown}
 t - a scroll of fear {unknown}
 w - 2 scrolls of fog {unknown}
 B - 4 scrolls of identify {@r1}
 D - 4 scrolls of teleportation {unknown}
 I - 3 scrolls of immolation {unknown}
Potions
 i - 2 potions of magic {unknown}
 k - 2 potions of curing {unknown}
 l - 4 potions of heal wounds {unknown}
 o - a potion of berserk rage {unknown}
 q - 2 potions of mutation {unknown}
 u - 2 potions of flight {unknown}
 z - a potion of degeneration {unknown}
 C - a potion of cancellation {unknown}
 F - 2 potions of brilliance {unknown}
 J - a potion of haste {unknown}
 K - 2 potions of agility {unknown}
 L - 2 potions of lignification {unknown}
Comestibles
 e - 16 rations {!d}
 M - 3 chunks of flesh


   Skills:
 + Level 6.5 Fighting
 + Level 4.5 Short Blades
 + Level 4.5 Long Blades
 + Level 4.5 Axes
 + Level 4.5 Maces & Flails
 + Level 6.5 Polearms
 + Level 4.5 Staves
 + Level 4.5 Slings
 + Level 4.5 Bows
 + Level 4.5 Crossbows
 + Level 4.5 Throwing
 + Level 4.5 Armour
 + Level 4.5 Dodging
 + Level 8.0 Stealth
 + Level 6.5 Shields
 + Level 4.5 Unarmed Combat
 + Level 5.4 Spellcasting
 + Level 3.7 Conjurations
 + Level 4.3 Hexes
 + Level 3.7 Charms
 + Level 3.7 Summonings
 + Level 3.7 Necromancy
 + Level 3.7 Translocations
 + Level 3.7 Transmutations
 + Level 3.7 Fire Magic
 + Level 3.7 Ice Magic
 + Level 3.7 Air Magic
 + Level 3.7 Earth Magic
 + Level 3.7 Poison Magic
 + Level 5.0 Invocations
 + Level 5.2 Evocations


You had 18 spell levels left.
You didn't know any spells.
Your spell library contained the following spells:

 Spells                   Type           Power        Failure   Level  Hunger
 Summon Small Mammal      Summ           ###.         26%         1    None
 Call Imp                 Summ           ###.....     38%         2    None
 Call Canine Familiar     Summ           ###.....     63%         3    ##.....
 Summon Ice Beast         Ice/Summ       ###.....     95%         4    ####...
 Summon Lightning Spire   Summ/Air       ###.....     100%        5    #####..


Dungeon Overview and Level Annotations

Branches:
Dungeon (7/12)             Temple (0/1) D:5
   Lair: D:7-9

Altars:
Makhleb
Nemelex Xobeh
Okawaru
Ru
Trog
Yredelemnul


Innate Abilities, Weirdness & Mutations

Your experience applies equally to all skills.
You have very sharp teeth.
Your uncanny sense of smell can sniff out nearby items.


Message History

Aim: a crimson imp You reach to attack!
You puncture the crimson imp!
The crimson imp is severely wounded.
You hit the crimson imp but do no damage.
You bite the crimson imp.
You kill the crimson imp!
Cheibriados thoroughly appreciates the change of pace.
Your Invocations skill increases to level 5!
No target in view!
No target in view!
No target in view!
No target in view!
No target in view!
No target in view!
No target in view!
No target in view!
No target in view!
No target in view!
No target in view!
No target in view!
No target in view!
No target in view!
No target in view!
No target in view!
No target in view!
No target in view!
No target in view!
No target in view!
No target in view!
You butcher the orc corpse.
M - 3 chunks of flesh
Things that are here:
a +0 club; a +0 ring mail; an orc skeleton
Things that are here:
a +0 club; a +0 ring mail; an orc skeleton A two-headed ogre comes into view.
It is wielding two +0 giant clubs.
The two-headed ogre shouts in stereo!
A two-headed ogre is nearby!
A two-headed ogre is nearby!
Attack whom?
Press: ? - help, Dir - move target cursor, f - two-headed ogre
Aim: a two-headed ogre, wielding two +0 giant clubs You reach to attack!
You hit the two-headed ogre but do no damage.
You hit the two-headed ogre.
The two-headed ogre is lightly wounded.
You hit the two-headed ogre.
The two-headed ogre is lightly wounded.
The two-headed ogre hits you with a +0 giant club.
The two-headed ogre hits you with a +0 giant club!
You hit the two-headed ogre.
You bite the two-headed ogre, but do no damage.
The two-headed ogre is moderately wounded.
The two-headed ogre barely misses you.
The two-headed ogre hits you with a +0 giant club!
You are too injured to fight recklessly!
You are too injured to fight recklessly!
You are too injured to fight recklessly!
You are too injured to fight recklessly!
You are too injured to fight recklessly!
You are too injured to fight recklessly!
You are too injured to fight recklessly!
You are too injured to fight recklessly!
You are too injured to fight recklessly!
You are too injured to fight recklessly!
You are too injured to fight recklessly!
You are too injured to fight recklessly!
You are too injured to fight recklessly!
You are too injured to fight recklessly!
You are too injured to fight recklessly!
You are too injured to fight recklessly!
You are too injured to fight recklessly!
You are too injured to fight recklessly!
You are too injured to fight recklessly!
You are too injured to fight recklessly!
The flow of time bends around you.
Cheibriados rebukes the two-headed ogre.
The two-headed ogre seems to slow down.
You feel slightly more hungry.
Things that are here:
a +0 club; a +0 ring mail; an orc skeleton Attack whom?
Press: ? - help, Dir - move target cursor, f/p - two-headed ogre
Aim: a two-headed ogre, wielding two +0 giant clubs (lightly wounded, slow)
You puncture the two-headed ogre! Your bite misses the two-headed ogre.
The two-headed ogre is moderately wounded.
The two-headed ogre hits you with a +0 giant club!
The two-headed ogre hits you but does no damage.
Attack whom?
Press: ? - help, Dir - move target cursor, f/p - two-headed ogre
Aim: a two-headed ogre, wielding two +0 giant clubs (moderately wounded, slow)
You hit the two-headed ogre.
The two-headed ogre is moderately wounded.
The two-headed ogre is no longer moving slowly.
The two-headed ogre closely misses you.
The two-headed ogre completely misses you.
You can feel time thicken for a moment.
You feel somewhat more hungry.
You can no longer inflict damage on those overly hasty.
Cheibriados lowers the support of your attributes as your movement quickens.
The two-headed ogre hits you with a +0 giant club!!
You die...

#.......# #... #.##.##.# ##.#
#.......# #.# ####.########.#
#.# #.# #.....########.#
#######.# #.# #...>....#
#.......# #.# #.##.....#
#.#####.####.#####.##.##.##
#####.###.#...@O..........##.##
#...........####.#####.#####.##
#.###.......# #.....#.#####.##
###.# #.......#
#####.#......... ....#
#.......# ##.#######... #####
###...### #...# #..#
####...#### #...# #..#
#.........# #...# #..#
#.#.....#.######...######..#


You could see a two-headed ogre.

Vanquished Creatures
  Pikel (D:5)
  Edmund (D:5)
  Duvessa (D:7)
  2 sky beasts
  A slave (D:4)
  2 phantoms
  2 black bears (D:6)
  3 ogres
  5 bullfrogs
  A scorpion (D:7)
  Dowan (D:7)
  4 crimson imps
  2 hounds
  A jelly (D:5)
  4 orc priests
  A bullfrog skeleton (D:6)
  Jessica (D:2)
  3 iguanas
  Natasha (thrice) (D:4)
  3 orc wizards
  3 worker ants
  A worker ant zombie (D:6)
  Robin (D:3)
  A howler monkey skeleton (D:5)
  7 adders
  3 gnolls (D:5)
  A shadow imp (D:6)
  An ooze (D:6)
  An adder zombie (D:7)
  2 adder skeletons
  7 worms
  4 dart slugs
  5 leopard geckos
  19 orcs
  7 bats
  2 giant cockroaches
  11 goblins
  16 hobgoblins
  8 jackals
  6 kobolds
  4 quokkas
  3 frilled lizards
  A jackal skeleton (D:5)
  A jackal zombie (D:6)
  2 quokka skeletons (D:5)
  2 rats (D:2)
  A spectral orc (D:3)
162 creatures vanquished.

Vanquished Creatures (others)
  A slave (D:5)
  A phantom (D:5)
  A crimson imp (D:5)
  A gnoll (D:5)
  An adder (D:5)
5 creatures vanquished.

Grand Total: 167 creatures vanquished

Notes
Turn   | Place    | Note
-------+----------+-------------------------------------------
     0 | D:1      | MisterOstroum the Gnoll Sloth Apostle began the quest for
                  | the Orb.
     0 | D:1      | Reached XP level 1. HP: 20/20 MP: 4/4
   350 | D:1      | Reached XP level 2. HP: 24/26 MP: 3/5
  1044 | D:2      | Reached XP level 3. HP: 31/31 MP: 7/7
  1138 | D:2      | Reached skill level 1 in Invocations
  1172 | D:2      | Noticed Jessica
  1180 | D:2      | Killed Jessica
  1180 | D:2      | Reached skill level 1 in Short Blades
  1180 | D:2      | Reached skill level 1 in Long Blades
  1180 | D:2      | Reached skill level 1 in Axes
  1180 | D:2      | Reached skill level 1 in Maces & Flails
  1180 | D:2      | Reached skill level 1 in Staves
  1180 | D:2      | Reached skill level 1 in Slings
  1180 | D:2      | Reached skill level 1 in Bows
  1180 | D:2      | Reached skill level 1 in Crossbows
  1180 | D:2      | Reached skill level 1 in Throwing
  1180 | D:2      | Reached skill level 1 in Armour
  1180 | D:2      | Reached skill level 1 in Dodging
  1180 | D:2      | Reached skill level 1 in Unarmed Combat
  1180 | D:2      | Reached XP level 4. HP: 29/38 MP: 8/8
  1189 | D:2      | Reached * piety under Cheibriados
  1192 | D:2      | Reached skill level 1 in Conjurations
  1192 | D:2      | Reached skill level 1 in Charms
  1192 | D:2      | Reached skill level 1 in Summonings
  1192 | D:2      | Reached skill level 1 in Necromancy
  1192 | D:2      | Reached skill level 1 in Translocations
  1192 | D:2      | Reached skill level 1 in Transmutations
  1192 | D:2      | Reached skill level 1 in Fire Magic
  1192 | D:2      | Reached skill level 1 in Ice Magic
  1192 | D:2      | Reached skill level 1 in Air Magic
  1192 | D:2      | Reached skill level 1 in Earth Magic
  1192 | D:2      | Reached skill level 1 in Poison Magic
  1699 | D:2      | Found a sacrificial altar of Ru.
  1747 | D:3      | Reached XP level 5. HP: 43/43 MP: 9/9
  1831 | D:3      | Reached ** piety under Cheibriados
  1897 | D:3      | Noticed Robin
  1921 | D:3      | Killed Robin
  2066 | D:3      | Found a basalt altar of Yredelemnul.
  2389 | D:3      | Reached XP level 6. HP: 49/50 MP: 10/10
  2411 | D:3      | Found a faded altar of an unknown god.
  2823 | D:4      | Noticed Natasha
  2831 | D:4      | Killed Natasha
  2831 | D:4      | Reached *** piety under Cheibriados
  2841 | D:4      | Reached skill level 5 in Fighting
  2841 | D:4      | Reached skill level 5 in Polearms
  2841 | D:4      | Reached skill level 5 in Shields
  3097 | D:4      | Reached XP level 7. HP: 49/56 MP: 12/12
  3220 | D:4      | Noticed Natasha
  3351 | D:4      | Reached skill level 7 in Stealth
  3415 | D:4      | Killed Natasha
  3843 | D:4      | Found an iron altar of Okawaru.
  4005 | D:4      | Noticed Natasha
  4010 | D:4      | Killed Natasha
  4073 | D:5      | Entered Level 5 of the Dungeon
  4073 | D:5      | Noticed Pikel
  4319 | D:5      | Reached XP level 8. HP: 52/63 MP: 14/14
  4339 | D:5      | Killed Pikel
  4562 | D:5      | Noticed Edmund
  4604 | D:5      | Killed Edmund
  4667 | D:5      | Reached XP level 9. HP: 36/69 MP: 16/16
  5045 | D:5      | Found a staircase to the Ecumenical Temple.
  5063 | D:5      | Found a burning altar of Makhleb.
  5085 | D:5      | Reached **** piety under Cheibriados
  5607 | D:6      | Got a warped spear
  5608 | D:6      | Identified the cursed +0 spear of Painful Death {antimagic,
                  | rElec} (You found it on level 6 of the Dungeon)
  6246 | D:6      | Found a sparkling altar of Nemelex Xobeh.
  6372 | D:6      | Reached skill level 5 in Spellcasting
  6441 | D:6      | Found a bloodstained altar of Trog.
  6462 | D:6      | Reached skill level 5 in Evocations
  7527 | D:7      | Noticed Dowan
  7527 | D:7      | Noticed Duvessa
  7557 | D:7      | Killed Dowan
  7558 | D:7      | Killed Duvessa
  7558 | D:7      | Reached skill level 8 in Stealth
  7895 | D:7      | Reached skill level 5 in Invocations
  7900 | D:7      | Noticed a two-headed ogre
  7912 | D:7      | Slain by a two-headed ogre

Skill      XL: |  1  2  3  4  5  6  7  8  9 |
---------------+----------------------------+-----
Hexes          | 2 3 4 |  4.3
Invocations    | 1 2 3 4 5 |  5.0
Short Blades   | 1 2 3 4 |  4.5
Long Blades    | 1 2 3 4 |  4.5
Axes           | 1 2 3 4 |  4.5
Maces & Flails | 1 2 3 4 |  4.5
Staves         | 1 2 3 4 |  4.5
Slings         | 1 2 3 4 |  4.5
Bows           | 1 2 3 4 |  4.5
Crossbows      | 1 2 3 4 |  4.5
Throwing       | 1 2 3 4 |  4.5
Armour         | 1 2 3 4 |  4.5
Dodging        | 1 2 3 4 |  4.5
Unarmed Combat | 1 2 3 4 |  4.5
Spellcasting   | 3 4 5 |  5.4
Conjurations   | 1 2 3 |  3.7
Charms         | 1 2 3 |  3.7
Summonings     | 1 2 3 |  3.7
Necromancy     | 1 2 3 |  3.7
Translocations | 1 2 3 |  3.7
Transmutations | 1 2 3 |  3.7
Fire Magic     | 1 2 3 |  3.7
Ice Magic      | 1 2 3 |  3.7
Air Magic      | 1 2 3 |  3.7
Earth Magic    | 1 2 3 |  3.7
Poison Magic   | 1 2 3 |  3.7
Evocations     | 3 4 5 |  5.2
Fighting       | 5 6 |  6.5
Polearms       | 5 6 |  6.5
Shields        | 5 6 |  6.5
Stealth        | 7 8 |  8.0

Action                   |  1- 3 |  4- 6 |  7- 9 || total
-------------------------+-------+-------+-------++-------
Melee: Spear             |    84 |   242 |   513 ||   839
       Bite              |     4 |    33 |    95 ||   132
       Punch             |       |     4 |     6 ||    10
Throw: Tomahawk          |     4 |     4 |     2 ||    10
 Cast: Slow              |     3 |       |       ||     3
Invok: Bend Time         |       |     1 |     2 ||     3
       Slouch            |       |       |     3 ||     3
Evoke: Wand              |       |       |     5 ||     5
  Use: Scroll            |       |     6 |     2 ||     8
 Stab: Sleeping          |     5 |       |       ||     5
       Paralysed         |       |       |     6 ||     6
       Distracted        |       |       |     1 ||     1
  Eat: Chunk             |     1 |     4 |     8 ||    13
Armor: Robe              |     5 |       |       ||     5
       Plate armour      |    27 |   109 |   190 ||   326
Dodge: Dodged            |    19 |    54 |   191 ||   264
Block: Shield            |    14 |       |       ||    14
